Map: Bel'Shir Vestige LE (Void)

Players

Ziggy

  • Race: Terran Terran
  • Spawn Location: 5:00

Elazer - Winner!

  • Race: Zerg Zerg
  • Spawn Location: 11:00

Event: IEM XI Katowice - World Championship 2017

VOD

Have the link to the VOD?

Description

Time

  • Played on: Feb. 27, 2017, 8:59 a.m.
  • Length: 11:41

All games in this series

Show
View Real Time Build Order
Export as new Build Order

Ziggy Terran 

Build Orders: Liberator Opening, Reaper Expand, MMM Bio 

Get SALT Encoding   

  12  0:00  SCV  
  13  0:12  SCV  
  14  0:17  Supply Depot  
  14  0:25  SCV  
  15  0:39  SCV  
  15  0:40  Barracks  
  16  0:45  Refinery  
  16  0:51  SCV  
  17  1:03  SCV  
  18  1:15  SCV  
  19  1:28  Reaper, Orbital Command  
  20  1:42  Command Center  
  20  1:55  SCV  
  20  2:00  Barracks Reactor  
  21  2:02  Supply Depot  
  21  2:07  Refinery, SCV  
  22  2:20  SCV  
  23  2:26  Factory  
  23  2:32  SCV  
  23  2:37  Marine x2  
  24  2:44  SCV  
  27  2:56  SCV  
  28  3:04  SCV  
  29  3:11  Starport  
  28  3:17  Orbital Command  
  28  3:18  Hellion x2  
  32  3:20  SCV  
  33  3:31  Liberator  
  33  3:32  SCV  
  34  3:39  Hellion x2  
  38  3:45  SCV  
  38  3:46  SCV  
  43  3:57  SCV  
  43  3:59  SCV  
  45  4:05  Hellion x2  
  45  4:07  Supply Depot  
  45  4:09  SCV  
  50  4:11  SCV  
  50  4:14  Supply Depot, Engineering Bay  
  50  4:16  Supply Depot  
  51  4:24  Supply Depot  
  51  4:25  SCV x2  
  53  4:37  SCV  
  54  4:41  Terran Infantry Weapons Level 1  
  54  4:46  Barracks x2  
  54  4:47  Barracks Tech Lab  
  54  4:48  SCV, Barracks  
  55  4:53  Hellion  
  55  4:58  SCV  
  58  5:00  SCV  
  58  5:05  Starport Reactor, Hellion  
  61  5:07  Marine, Refinery  
  61  5:10  Stimpack  
  62  5:16  SCV x2  
  64  5:26  Cyclone x2  
  70  5:28  SCV x2  
  70  5:31  Marauder  
  74  5:37  Barracks Tech Lab, Barracks Reactor x2  
  74  5:40  Supply Depot, SCV  
  74  5:41  Barracks Reactor  
  75  5:42  Medivac  
  75  5:47  SCV, Refinery  
  78  5:52  SCV  
  79  5:59  SCV  
  79  6:00  Marine  
  79  6:05  SCV  
  80  6:14  SCV  
  80  6:17  Marine x3, SCV, Cyclone x2  
  80  6:18  Marine x4  
  87  6:21  Supply Depot  
  87  6:24  Supply Depot  
  81  6:35  Marine x4  
  81  6:37  Marine x3  
  81  6:39  Medivac  
  90  6:41  Medivac  
  90  6:44  Terran Infantry Armor Level 1  
  92  6:53  Marine x4  
  96  6:55  Marine, Marauder  
  96  7:00  Cyclone x2  
  105  7:01  Marine  
  105  7:05  Supply Depot  
  105  7:06  Supply Depot  
  106  7:10  Medivac  
  106  7:11  Marine  
  109  7:19  Marine  
  109  7:22  Command Center  
  110  7:23  Supply Depot  
  110  7:27  Marine x2, Marauder  
  114  7:32  Armory  
  114  7:36  Cyclone  
  116  7:44  Marine x3  
  116  7:48  Marine  
  116  7:49  Marine, Marauder  
  123  7:54  Medivac  
  123  7:55  Medivac  
  125  8:07  Marine x3  
  125  8:10  Marine x3  
  127  8:17  Marine  
  128  8:22  Cyclone x2  
  128  8:24  Medivac  
  128  8:25  Marine x3  
  132  8:27  Marine  
  132  8:29  Marine x2  
  132  8:35  Marauder  
  132  8:37  Supply Depot x2  
  134  8:43  Marine  
  135  8:52  Combat Shields  
  135  8:53  Marine x2  
  130  8:56  Marauder  
  132  9:04  Marine x4  
  132  9:09  Orbital Command  
  136  9:10  Liberator x2, Marine  
  136  9:11  Marine  
  138  9:17  Terran Infantry Weapons Level 2  
  138  9:18  Marauder  
  138  9:22  Marine  
  141  9:25  Engineering Bay  
  147  9:33  Marine  
  147  9:34  Refinery  
  147  9:36  Refinery  
  147  9:37  Factory Tech Lab  
  148  9:39  Marauder  
  148  9:44  Marine x2  
  148  9:45  Marine  
  153  9:47  Marine  
  154  9:53  Marine x2  
  154  9:58  Siege Tank  
  159  10:01  Marauder, Barracks x2  
  159  10:02  Marine x2  
  159  10:05  Marine  
  163  10:08  Marine  
  163  10:11  Marine x2  
  150  10:19  SCV  
  150  10:20  Marine x2  
  143  10:22  Marauder  
  143  10:23  Marine  
  143  10:26  Marine  
  137  10:37  Marine x2  
  137  10:38  Marine  
  140  10:43  Marauder, Siege Tank  
  140  10:49  SCV x2  
  147  10:53  Marine x3  
  148  10:59  Marine x4  
  152  11:04  Marine  
  152  11:05  Marauder  
  152  11:10  Marine  
  152  11:11  Marine  
  157  11:15  Marine  
  157  11:17  Marine x2  
Show
View Real Time Build Order
Export as new Build Order

Elazer Zerg - Winner!

Build Orders: Pool First 

Get SALT Encoding   

  12  0:00  Drone  
  13  0:12  Overlord  
  13  0:17  Drone  
  14  0:30  Drone x2  
  14  0:34  Drone  
  17  0:44  Extractor  
  17  0:45  Drone  
  17  0:49  Spawning Pool  
  16  0:55  Drone  
  17  1:06  Drone  
  18  1:17  Hatchery  
  17  1:20  Drone  
  18  1:35  Queen  
  18  1:36  Zergling x2  
  21  1:42  Drone  
  21  1:44  Metabolic Boost  
  22  1:52  Overlord  
  22  2:10  Drone x2  
  22  2:12  Queen  
  26  2:23  Zergling x2  
  27  2:30  Zergling x2  
  27  2:31  Pneumatized Carapace  
  28  2:39  Drone x2  
  30  2:46  Drone x2  
  32  2:53  Drone  
  32  2:54  Drone  
  34  2:59  Drone  
  34  3:02  Drone  
  36  3:11  Hatchery  
  36  3:12  Overlord  
  35  3:17  Queen  
  35  3:18  Extractor  
  37  3:31  Drone x3  
  37  3:32  Drone x3  
  37  3:34  Overlord  
  43  3:41  Overlord  
  43  3:45  Roach Warren  
  43  3:48  Drone x2  
  43  3:54  Queen  
  43  3:55  Overlord  
  46  3:56  Zergling x4  
  46  3:58  Drone x2  
  46  3:59  Drone  
  46  4:00  Extractor  
  46  4:01  Drone  
  51  4:08  Overlord  
  51  4:09  Drone  
  52  4:24  Queen  
  52  4:25  Roach  
  52  4:26  Roach x4  
  52  4:29  Queen  
  66  4:34  Overlord  
  66  4:35  Drone x2  
  66  4:36  Drone  
  66  4:38  Drone  
  70  4:40  Drone  
  70  4:43  Drone  
  72  4:46  Spore Crawler, Drone  
  72  4:47  Drone  
  73  4:53  Drone  
  73  4:58  Evolution Chamber, Drone x2  
  73  4:59  Evolution Chamber  
  74  5:01  Overlord  
  74  5:04  Drone  
  74  5:06  Drone  
  74  5:07  Drone x2  
  78  5:13  Overlord  
  78  5:15  Drone  
  78  5:16  Drone x3  
  78  5:19  Drone x2  
  80  5:23  Overlord  
  80  5:26  Zerg Ground Armor Level 1  
  80  5:30  Zerg Melee Weapons Level 1  
  80  5:38  Lair  
  80  5:40  Extractor x2, Drone x5  
  80  5:42  Drone x2  
  85  5:44  Overlord  
  85  5:48  Drone x3  
  88  5:50  Spore Crawler  
  88  5:54  Baneling Nest  
  86  5:58  Overlord  
  86  5:59  Roach x2  
  86  6:04  Overlord  
  90  6:06  Drone x2  
  90  6:07  Extractor, Drone  
  90  6:09  Drone  
  90  6:11  Drone x2  
  91  6:12  Drone x4  
  91  6:13  Drone  
  91  6:16  Drone  
  91  6:18  Extractor  
  96  6:22  Overlord  
  96  6:26  Overlord  
  96  6:29  Overlord  
  96  6:35  Drone  
  96  6:36  Hatchery  
  96  6:39  Centrifical Hooks, Hatchery  
  95  6:44  Drone  
  95  6:45  Drone  
  97  6:49  Zergling x12  
  103  6:58  Drone  
  104  7:01  Infestation Pit, Overlord  
  104  7:02  Overlord  
  104  7:05  Zergling x16  
  111  7:14  Overlord  
  111  7:15  Zergling x4  
  113  7:21  Zergling x2  
  113  7:22  Zerg Ground Armor Level 2  
  114  7:25  Zerg Melee Weapons Level 2  
  114  7:27  Zergling x14  
  120  7:31  Overlord  
  120  7:34  Overlord  
  120  7:35  Zergling x2  
  120  7:36  Zergling x2  
  122  7:42  Overlord  
  122  7:43  Zergling x4  
  118  7:46  Baneling x3  
  118  7:47  Zergling x4  
  120  7:52  Overlord  
  120  7:53  Overlord, Drone  
  120  7:54  Zergling x4  
  120  7:55  Baneling x5  
  120  7:59  Overlord  
  120  8:04  Zergling x12  
  120  8:10  Overlord  
  120  8:12  Zergling x4  
  113  8:16  Drone x2  
  112  8:22  Drone  
  112  8:23  Drone x2  
  112  8:25  Overlord  
  107  8:28  Drone x5  
  107  8:33  Overlord  
  113  8:36  Queen, Hive  
  113  8:37  Zergling x6  
  113  8:40  Ravager x5  
  113  8:41  Ravager  
  122  8:42  Ravager  
  122  8:48  Zergling x10  
  128  8:51  Baneling x5  
  127  9:00  Zergling x6  
  127  9:02  Baneling x9  
  131  9:04  Zergling x2  
  131  9:05  Zergling x2  
  132  9:15  Hatchery  
  130  9:20  Zergling x12  
  136  9:30  Zergling x14  
  143  9:36  Overlord  
  143  9:41  Zergling x12  
  149  9:47  Zergling x2  
  149  9:48  Zergling x8  
  153  9:54  Ultralisk Cavern  
  152  10:02  Zergling x8  
  152  10:03  Zergling x8  
  160  10:08  Overlord  
  154  10:17  Overlord  
  154  10:20  Zergling x12  
  155  10:25  Overlord  
  145  10:32  Zergling x2  
  145  10:33  Zergling x18  
  152  10:46  Ultralisk  
  156  10:54  Ultralisk  

Tags
 
Add a new tag
Caveats
  • Supply blocks, unpowered buildings, or Contaminate may cause inaccurate times.
  • Supply counts are checked every 10 seconds.